 Dungeon Crawl Stone Soup version 0.31.0-9-g3a7656b989 (webtiles) character file.

Game seed: 15436775951127722236

24998 qw the Marksspriggan (level 12, 0/61 HPs)
             Began as a Spriggan Hunter on Feb 2, 2024.
             Was a High Priest of Okawaru.
             Slain by a dream sheep (17 damage)
             ... on level 2 of the Lair of Beasts.
             The game lasted 00:01:16 (11143 turns).

qw the Marksspriggan (Spriggan Hunter)             Turns: 11143, Time: 00:01:17

Health: 0/61       AC: 12    Str:  7    XL:     12   Next: 85%
Magic:  20/20      EV:  4    Int: 12    God:    Okawaru [*****.]
Gold:   1213       SH:  0    Dex: 22    Spells: 11/11 levels left

rFire   . . .        u - +3 orcbow (flame)
rCold   + . .        (shield currently unavailable)
rNeg    . . .        p - +0 troll leather armour
rPois   .            (helmet restricted)
rElec   .            k - +2 cloak
rCorr   .            (gloves unavailable)
SInv    +            (boots unavailable)
Will    ++...        q - amulet of reflection
Stlth   ++           t - ring of protection from cold
HPRegen 1.10/turn    a - +4 ring of protection
MPRegen 0.17/turn

%: reflection
@: about to teleport, sleeping, very quick
A: very small, no large weapons, unfitting armour, see invisible, speed 3,
iridescent scales 1, sturdy frame 1, persistent drain
a: Renounce Religion, Heroism, Finesse, Duel


You were on level 2 of the Lair of Beasts.
You worshipped Okawaru.
Okawaru was extremely pleased with you.
You visited 3 branches of the dungeon, and saw 14 of its levels.
You also visited: Sewer.

You collected 1742 gold pieces.
You spent 529 gold pieces at shops.


Innate Abilities, Weirdness & Mutations

You are very small and have problems with some larger weapons.
You are too small for most types of armour.
You have supernaturally acute eyesight. (SInv)
You cover ground extremely quickly. (Speed+++)
You are partially covered in iridescent scales. (AC +2)
Your movements are slightly less encumbered by armour. (ER -2)
Your health recovers twice as slowly from being drained.


   Skills:
 - Level 6.0 Fighting
 - Level 15.0 Ranged Weapons
 - Level 2.4 Armour
 + Level 14.0 Dodging
 - Level 1.5 Stealth
 - Level 10.0 Invocations


You had 11 spell levels left.
You didn't know any spells.
Your spell library was empty.

Inventory:

Hand Weapons
 u - a +3 orcbow of flaming (weapon)
Armour
 k - a +2 cloak (worn)
 p - a +0 troll leather armour (worn)
Jewellery
 a - a +4 ring of protection (right hand)
 q - an amulet of reflection (around neck)
 t - a ring of protection from cold (left hand)
 Y - a ring of willpower
Wands
 b - a wand of charming (7)
 d - a wand of polymorph (3)
 e - a wand of digging (3)
 o - a wand of mindburst (27)
 r - a wand of iceblast (6)
Scrolls
 f - 2 scrolls of identify
Potions
 g - 2 potions of might
 h - 2 potions of cancellation
 j - 3 potions of mutation
 l - 2 potions of heal wounds
 m - a potion of resistance
 n - 4 potions of curing

Dungeon Overview and Level Annotations

Branches:
Dungeon (11/15)            Temple (1/1) D:7            Lair (2/5) D:11
    Orc (0/2) D:10          Sewer (visited)
  Swamp: Lair:2-3    Shoals: Lair:2-3     Snake: Lair:2-3    Spider: Lair:2-3

Altars:
Ashenzari
Cheibriados
Dithmenos
Elyvilon
Fedhas
Gozag
Hepliaklqana
Kikubaaqudgha
Makhleb
Nemelex Xobeh
Okawaru
Qazlal
Ru
Sif Muna
Trog
Uskayaw
Vehumet
Wu Jian
Xom
Yredelemnul
Zin
The Shining One

Shops:
D:6 :   D:7 *(   D:11 ?

Annotations:
D:4 2 runed translucent doors, qw's ghost, amateur DEHu
D:11 1 runed translucent door, Zouniz Rihu's ghost, novice DDFi


Message History

The dream sheep completely misses you.
11136 ||| RETREEEEATING.
You shoot an arrow. The arrow hits the dream sheep!
The arrow burns the dream sheep.
You kill the dream sheep!
Okawaru accepts your kill.
Your Ranged Weapons skill increases to level 15!
You shoot an arrow.
The arrow barely misses the dream sheep.
The arrow hits the fungus!
The fungus begins to die.
The arrow burns the fungus!
The fungus is lightly damaged.
The dream sheep misses you. You block the dream sheep's attack.
You shoot an arrow.
The arrow barely misses the dream sheep.
The arrow hits the fungus.
The arrow burns the fungus.
The fungus is lightly damaged.
The dream sheep headbutts you. The dream sheep closely misses you.
The dream sheep completely misses you.
You shoot an arrow.
The arrow hits the dream sheep but does no damage.
You block the dream sheep's attack. The dream sheep headbutts you. x2
You shoot an arrow.
The arrow hits the dream sheep but does no damage.
You shoot an arrow. The arrow hits the dream sheep!
The arrow burns the dream sheep.
The dream sheep is heavily wounded.
The dream sheep misses you. The dream sheep headbutts you.
The dream sheep completely misses you.
11142 ||| READING scroll of teleportation.
As you read the scroll of teleportation, it crumbles to dust.
You feel strangely unstable.
A nearby fungus withers and dies.
The dream sheep closely misses you. The dream sheep completely misses you.
You block the dream sheep's attack.
You shoot an arrow. The arrow hits the dream sheep.
The arrow burns the dream sheep.
The dream sheep is severely wounded.
The dream sheep shake their wool and sparkle.
You feel drowsy...
You fall asleep.
The dream sheep headbutts you but does no damage.
The dream sheep headbutts you!
You die...

. .... # ##..# .
P... . ##..## .
#P...# . #...# .
#..# . ####YY# .
.##.#.Y@## .
........P# 8.
....?.....## ..
...........P# ..
.............# #.
............##
.###..##.#+#....P#
#.....#.....#...##
##.?...#.....P...P#


You could see 3 dream sheep.

Vanquished Creatures
  A hydra (Lair:2)
  A catoblepas (D:10)
  5 two-headed ogres
  A boulder beetle (D:10)
  Sonja (D:10)
  Amaemon (Lair:1)
  3 skysharks (Lair:2)
  Pikel (D:7)
  An ugly thing (D:11)
  A cyclops (D:11)
  An orange demon (Lair:1)
  A black mamba (Lair:1)
  3 gargoyles
  2 cane toads (Lair:1)
  A kobold demonologist (D:10)
  2 rime drakes
  4 komodo dragons
  2 trolls
  A hornet (D:9)
  3 blink frogs (Lair:2)
  3 dream sheep (Lair:2)
  A shadow (D:9)
  6 wyverns
  2 wraiths
  14 yaks
  4 basilisks
  A steam dragon (D:8)
  2 acid dragons
  12 water moccasins
  4 orc warriors
  An ice beast (D:6)
  12 wolves (Lair:2)
  3 centaurs
  An ogre (D:6)
  3 phantoms
  4 kobold brigands (D:9)
  11 bullfrogs
  3 scorpions
  3 gnoll sergeants
  6 wights
  An elephant simulacrum (Lair:1)
  2 bombardier beetles
  3 electric eels
  7 howler monkeys
  2 hounds
  4 orc priests
  2 gnoll boudas
  A jelly (D:7)
  14 orc wizards
  A wolf simulacrum (Lair:1)
  6 adders
  30 gnolls
  A shadow imp (D:4)
  3 white imps (D:6)
  2 ufetubi (D:6)
  12 dart slugs
  2 ribbon worms (D:4)
  38 orcs
  12 ball pythons
  3 bats
  11 endoplasms
  17 giant cockroaches
  10 hobgoblins
  11 kobolds
  5 quokkas
  11 frilled lizards
  7 goblins
  2 rats
352 creatures vanquished.

Notes
Turn   | Place    | Note
-------+----------+-------------------------------------------
     0 | D:1      | qw the Spriggan Hunter began the quest for the Orb.
     0 | D:1      | Reached XP level 1. HP: 10/10 MP: 2/2
     0 | D:1      | 0 ||| qw: Version: 0.3-a-155-g5e7d8dd
     0 | D:1      | 0 ||| qw: Game counter: 2502
     0 | D:1      | 0 ||| qw: Melee chars always use a shield: true
     0 | D:1      | 0 ||| qw: God list: Okawaru
     0 | D:1      | 0 ||| qw: Allow faded altars: false
     0 | D:1      | 0 ||| qw: Do Orc after clearing Dungeon:15 true
     0 | D:1      | 0 ||| qw: Do second Lair branch before Depths: true
     0 | D:1      | 0 ||| qw: Lair rune preference: random
     0 | D:1      | 0 ||| qw: Goals: Normal
     0 | D:1      | 0 ||| PLANNING D:1-11
    95 | D:1      | Reached skill level 3 in Dodging
   130 | D:1      | Reached XP level 2. HP: 14/14 MP: 3/3
   481 | D:1      | 481 ||| UPGRADING to +0 cloak.
   486 | D:1      | 486 ||| READING scroll labelled SAYPNU USUAGE.
   486 | D:1      | 486 ||| ENCHANTING +0 cloak.
   487 | D:1      | 487 ||| READING scroll labelled QIMAZX MUUHU.
   492 | D:1      | 492 ||| READING scroll labelled MOMANAEKLA.
   493 | D:1      | 493 ||| DRINKING 2 grey potions.
   494 | D:1      | 494 ||| DROPPING scroll of butterflies.
   624 | D:2      | Reached XP level 3. HP: 18/18 MP: 4/4
   775 | D:2      | Noticed a scorpion
   777 | D:2      | 777 ||| RETREEEEATING.
   779 | D:2      | 779 ||| RETREEEEATING.
   781 | D:2      | 781 ||| RETREEEEATING.
   783 | D:2      | 783 ||| RETREEEEATING.
   796 | D:2      | HP: 4/18 [scorpion (1)]
   797 | D:2      | 797 ||| DRINKING potion of heal wounds.
   804 | D:2      | Killed a scorpion
   805 | D:2      | Reached skill level 5 in Ranged Weapons
   805 | D:2      | Reached XP level 4. HP: 14/22 MP: 5/5
  1073 | D:2      | 1073 ||| READING scroll labelled IPOYPIE OHIL.
  1073 | D:2      | 1073 ||| BRANDING +0 shortbow.
  1074 | D:2      | 1074 ||| DRINKING 2 puce potions.
  1075 | D:2      | 1075 ||| DROPPING potion of brilliance.
  1097 | D:3      | 1097 ||| PLANNING SEWER
  1245 | D:3      | Found a glowing drain.
  1261 | Sewer    | Entered a sewer
  1300 | Sewer    | Reached XP level 5. HP: 25/25 MP: 6/6
  1503 | Sewer    | Reached skill level 6 in Ranged Weapons
  1503 | Sewer    | Reached XP level 6. HP: 30/30 MP: 7/7
  1535 | Sewer    | 1535 ||| DRINKING 2 golden potions.
  1536 | Sewer    | 1536 ||| DRINKING 2 sedimented brown potions.
  1536 | Sewer    | Gained mutation: Your movements are slightly less
                  | encumbered by armour. (ER -2) [potion of mutation]
  1536 | Sewer    | Gained mutation: You are partially covered in iridescent
                  | scales. (AC +2) [potion of mutation]
  1536 | Sewer    | Gained mutation: Your health recovers twice as slowly from
                  | being drained. [potion of mutation]
  1551 | D:3      | 1551 ||| PLANNING D:1-11
  1721 | D:3      | Reached skill level 6 in Dodging
  1940 | D:3      | 1940 ||| READING scroll labelled DOPHUY TOLASISYWU.
  2041 | D:3      | 2041 ||| READING scroll labelled JUPTETS UCWUSM.
  2041 | D:3      | 2041 ||| IDENTIFYING sedimented ruby potion
  2042 | D:3      | 2042 ||| READING 4 scrolls labelled ZEMICA YFOCLAJ.
  2042 | D:3      | 2042 ||| ENCHANTING +0 shortbow of flaming.
  2043 | D:3      | 2043 ||| READING 3 scrolls of enchant weapon.
  2043 | D:3      | 2043 ||| ENCHANTING +1 shortbow of flaming.
  2044 | D:3      | 2044 ||| READING 2 scrolls of enchant weapon.
  2044 | D:3      | 2044 ||| ENCHANTING +2 shortbow of flaming.
  2045 | D:3      | 2045 ||| READING scroll of enchant weapon.
  2045 | D:3      | 2045 ||| ENCHANTING +3 shortbow of flaming.
  2046 | D:3      | 2046 ||| DRINKING 2 purple potions.
  2226 | D:4      | 2226 ||| READING scroll of brand weapon.
  2226 | D:4      | 2226 ||| BRANDING +4 shortbow of flaming.
  2244 | D:4      | 2244 ||| DRINKING potion of curing.
  2244 | D:4      | 2244 ||| (to cure confusion)
  2249 | D:4      | Reached skill level 7 in Ranged Weapons
  2605 | D:4      | Found a runed translucent door.
  2611 | D:4      | Noticed qw's ghost (amateur DEHu)
  2648 | D:4      | Found a runed translucent door.
  2877 | D:4      | Found a snail-covered altar of Cheibriados.
  2928 | D:4      | 2928 ||| DROPPING amulet of magic regeneration.
  2929 | D:4      | 2929 ||| DROPPING ring of wizardry.
  2930 | D:4      | 2930 ||| UPGRADING to ring of willpower.
  2931 | D:4      | 2931 ||| READING 2 scrolls of identify.
  2931 | D:4      | 2931 ||| IDENTIFYING murky brown potion
  2932 | D:4      | 2932 ||| READING scroll of identify.
  2932 | D:4      | 2932 ||| IDENTIFYING black potion
  2933 | D:4      | 2933 ||| READING scroll labelled FEMPUM TEWA.
  2934 | D:4      | 2934 ||| DRINKING 2 bubbling red potions.
  2935 | D:4      | 2935 ||| DROPPING potion of lignification.
  2936 | D:4      | 2936 ||| DROPPING potion of degeneration.
  2937 | D:4      | 2937 ||| DROPPING potion of attraction.
  2939 | D:4      | 2939 ||| Stepping ~*~*~tactically~*~*~ (cloud).
  3062 | D:5      | Entered Level 5 of the Dungeon
  3066 | D:5      | Reached XP level 7. HP: 35/35 MP: 8/8
  3072 | D:5      | 3072 ||| STAIRDANCE
  3089 | D:5      | 3089 ||| STAIRDANCE
  3225 | D:5      | Reached skill level 8 in Ranged Weapons
  3354 | D:5      | Reached skill level 3 in Fighting
  3564 | D:5      | 3564 ||| FLEEEEING.
  3565 | D:5      | 3565 ||| FLEEEEING.
  3566 | D:5      | 3566 ||| FLEEEEING.
  3567 | D:5      | 3567 ||| FLEEEEING.
  3571 | D:5      | Reached XP level 8. HP: 37/40 MP: 9/9
  3656 | D:5      | 3656 ||| READING scroll labelled BIYSOA FUXKOKH.
  3657 | D:5      | 3657 ||| READING scroll labelled RETRUI VIDDIOPT.
  3657 | D:5      | Identified a scroll of acquirement
  3657 | D:5      | 3657 ||| ACQUIRING 816 gold pieces
  3657 | D:5      | Acquired 816 gold pieces
  3659 | D:5      | 3659 ||| DRINKING 3 blue potions.
  3673 | D:6      | Found Zije's Book Shoppe.
  3705 | D:6      | 3705 ||| FLEEEEING.
  3706 | D:6      | 3706 ||| FLEEEEING.
  3707 | D:6      | 3707 ||| FLEEEEING.
  3708 | D:6      | 3708 ||| FLEEEEING.
  3709 | D:6      | 3709 ||| FLEEEEING.
  3710 | D:6      | 3710 ||| FLEEEEING.
  3711 | D:6      | 3711 ||| FLEEEEING.
  3712 | D:6      | 3712 ||| STAIRDANCE
  3905 | D:6      | Reached skill level 9 in Ranged Weapons
  4002 | D:6      | Reached skill level 9 in Dodging
  4426 | D:6      | 4426 ||| UPGRADING to amulet of reflection.
  4431 | D:6      | 4431 ||| READING scroll of identify.
  4431 | D:6      | 4431 ||| IDENTIFYING scroll labelled ENOTUX ENES
  4432 | D:6      | 4432 ||| DROPPING scroll of revelation.
  4586 | D:7      | Found a staircase to the Ecumenical Temple.
  4587 | D:7      | 4587 ||| PLANNING TEMPLE
  4587 | D:7      | 4587 ||| READING scroll labelled OTURESHRE RUTUO.
  4588 | D:7      | 4588 ||| READING scroll labelled ZOSUKHL EFFEOF.
  4594 | Temple   | Entered the Ecumenical Temple
  4595 | Temple   | 4595 ||| PLANNING OKAWARU WORSHIP
  4603 | Temple   | Became a worshipper of Warmaster Okawaru
  4604 | Temple   | 4604 ||| PLANNING D:1-11
  4705 | D:7      | Noticed Pikel
  4706 | D:7      | 4706 ||| DRINKING potion of haste.
  4715 | D:7      | Killed Pikel
  4716 | D:7      | Reached skill level 10 in Ranged Weapons
  4716 | D:7      | Reached XP level 9. HP: 34/44 MP: 10/10
  4983 | D:7      | Found Cuoton's Weapon Emporium.
  5006 | D:7      | 5006 ||| DROPPING wand of flame (41).
  5179 | D:7      | Found Uclazem's Assorted Antiques.
  5187 | D:7      | 5187 ||| SHOPLISTING brooch of Shielding {Spirit SH+8}
                  | (1365 gold, have 1286).
  5187 | D:7      | 5187 ||| BUYING potion of mutation (168 gold).
  5187 | D:7      | Bought a potion of mutation for 168 gold pieces
  5187 | D:7      | 5187 ||| BUYING scroll of identify (42 gold).
  5187 | D:7      | Bought a scroll of identify for 42 gold pieces
  5187 | D:7      | 5187 ||| BUYING scroll of identify (42 gold).
  5187 | D:7      | Bought a scroll of identify for 42 gold pieces
  5187 | D:7      | 5187 ||| BUYING sedimented yellow potion (18 gold).
  5187 | D:7      | Bought a sedimented yellow potion for 18 gold pieces
  5305 | D:7      | 5305 ||| READING 3 scrolls of identify.
  5305 | D:7      | 5305 ||| IDENTIFYING sedimented yellow potion
  5504 | D:8      | 5504 ||| FLEEEEING.
  5505 | D:8      | 5505 ||| FLEEEEING.
  5507 | D:8      | 5507 ||| FLEEEEING.
  5508 | D:8      | 5508 ||| FLEEEEING.
  5509 | D:8      | 5509 ||| FLEEEEING.
  5518 | D:8      | HP: 5/45 [something (13)]
  5519 | D:8      | 5519 ||| READING scroll of teleportation.
  5520 | D:8      | 5520 ||| DRINKING 3 potions of heal wounds.
  5522 | D:8      | Reached * piety under Okawaru
  5674 | D:8      | Reached skill level 1 in Invocations
  5679 | D:8      | 5679 ||| RETREEEEATING.
  5680 | D:8      | 5680 ||| RETREEEEATING.
  5683 | D:8      | 5683 ||| RETREEEEATING.
  5685 | D:8      | 5685 ||| RETREEEEATING.
  5686 | D:8      | 5686 ||| RETREEEEATING.
  5687 | D:8      | 5687 ||| RETREEEEATING.
  5688 | D:8      | 5688 ||| RETREEEEATING.
  5692 | D:8      | 5692 ||| RETREEEEATING.
  5694 | D:8      | 5694 ||| RETREEEEATING.
  5695 | D:8      | 5695 ||| RETREEEEATING.
  5736 | D:8      | 5736 ||| RETREEEEATING.
  5738 | D:8      | 5738 ||| RETREEEEATING.
  6211 | D:8      | Reached skill level 3 in Invocations
  6300 | D:8      | 6300 ||| DROPPING amulet of the acrobat.
  6380 | D:9      | Noticed a troll
  6381 | D:9      | 6381 ||| INVOKING Heroism.
  6390 | D:9      | Killed a troll
  6390 | D:9      | Reached ** piety under Okawaru
  6443 | D:9      | Reached XP level 10. HP: 49/49 MP: 12/14
  6446 | D:9      | Reached skill level 11 in Ranged Weapons
  6451 | D:9      | Noticed a two-headed ogre
  6452 | D:9      | 6452 ||| RETREEEEATING.
  6475 | D:9      | 6475 ||| ZAPPING wand of quicksilver (8) at -5,-7
                  | (two-headed ogre; floor).
  6476 | D:9      | 6476 ||| ZAPPING wand of quicksilver (7) at -5,-6
                  | (two-headed ogre; floor).
  6477 | D:9      | 6477 ||| ZAPPING wand of quicksilver (6) at -4,-5
                  | (two-headed ogre; floor).
  6478 | D:9      | 6478 ||| ZAPPING wand of quicksilver (5) at -3,-4
                  | (two-headed ogre; floor).
  6480 | D:9      | Reached skill level 12 in Dodging
  6480 | D:9      | 6480 ||| INVOKING Heroism.
  6482 | D:9      | Killed a two-headed ogre
  6826 | D:9      | Reached *** piety under Okawaru
  6835 | D:9      | Reached skill level 12 in Ranged Weapons
  6885 | D:9      | Noticed a two-headed ogre
  6886 | D:9      | 6886 ||| ZAPPING wand of quicksilver (4) at -7,-3
                  | (two-headed ogre; floor).
  6887 | D:9      | 6887 ||| ZAPPING wand of quicksilver (3) at -6,-2
                  | (two-headed ogre; floor).
  6888 | D:9      | 6888 ||| ZAPPING wand of quicksilver (2) at -5,-1
                  | (two-headed ogre; floor).
  6889 | D:9      | 6889 ||| ZAPPING wand of quicksilver (1) at -4,-1
                  | (two-headed ogre; floor).
  6889 | D:9      | Killed a two-headed ogre
  6987 | D:9      | Found a hazy altar of Hepliaklqana.
  7011 | D:9      | 7011 ||| INVOKING Heroism.
  7270 | D:9      | 7270 ||| UPGRADING to +0 troll leather armour.
  7280 | D:9      | 7280 ||| DROPPING +0 robe.
  7281 | D:9      | 7281 ||| READING 3 scrolls of identify.
  7281 | D:9      | 7281 ||| IDENTIFYING scroll labelled NODDAYWI ZEIPP
  7282 | D:9      | 7282 ||| DROPPING scroll of torment.
  7319 | D:10     | Entered Level 10 of the Dungeon
  7324 | D:10     | Noticed Sonja
  7325 | D:10     | 7325 ||| INVOKING Heroism.
  7328 | D:10     | Killed Sonja
  7365 | D:10     | Reached **** piety under Okawaru
  7646 | D:10     | Noticed a two-headed ogre
  7647 | D:10     | 7647 ||| INVOKING Finesse.
  7657 | D:10     | Killed a two-headed ogre
  7658 | D:10     | Reached XP level 11. HP: 31/55 MP: 10/15
  7840 | D:10     | Found a staircase to the Orcish Mines.
  7963 | D:10     | 7963 ||| SWAPPING to +0 orcbow.
  7964 | D:10     | 7964 ||| DROPPING +4 heavy shortbow.
  7965 | D:10     | 7965 ||| READING scroll of brand weapon.
  7965 | D:10     | 7965 ||| BRANDING +0 orcbow.
  7971 | D:10     | Found a shadowy altar of Dithmenos.
  8052 | D:10     | Noticed a sixfirhy
  8053 | D:10     | 8053 ||| INVOKING Finesse.
  8054 | D:10     | HP: 7/55 [sixfirhy[a kobold demonologist] (11)]
  8055 | D:10     | 8055 ||| DRINKING 4 potions of heal wounds.
  8391 | D:10     | 8391 ||| DROPPING amulet of regeneration.
  8392 | D:10     | 8392 ||| READING 2 scrolls of identify.
  8392 | D:10     | 8392 ||| IDENTIFYING scroll labelled VUIFUO PEFUF
  8393 | D:10     | 8393 ||| DROPPING scroll of summoning.
  8423 | D:11     | Noticed a two-headed ogre
  8424 | D:11     | 8424 ||| ZAPPING wand of quicksilver (3) at 3,6 (two-headed
                  | ogre; floor).
  8425 | D:11     | Noticed a catoblepas
  8426 | D:11     | 8426 ||| ZAPPING wand of quicksilver (2) at 3,7
                  | (catoblepas; floor).
  8427 | D:11     | Noticed a boulder beetle
  8428 | D:11     | 8428 ||| RETREEEEATING.
  8431 | D:11     | 8431 ||| STAIRDANCE
  8436 | D:11     | 8436 ||| STAIRDANCE
  8438 | D:10     | 8438 ||| INVOKING Finesse.
  8439 | D:10     | 8439 ||| INVOKING Finesse.
  8448 | D:10     | Killed a two-headed ogre
  8449 | D:10     | Reached skill level 13 in Ranged Weapons
  8449 | D:10     | Reached skill level 6 in Invocations
  8481 | D:11     | 8481 ||| INVOKING Finesse.
  8483 | D:11     | 8483 ||| STAIRDANCE
  8520 | D:11     | 8520 ||| STAIRDANCE
  8522 | D:10     | 8522 ||| INVOKING Finesse.
  8527 | D:10     | 8527 ||| Stepping ~*~*~tactically~*~*~ (cloud).
  8533 | D:10     | 8533 ||| Stepping ~*~*~tactically~*~*~ (cloud).
  8540 | D:10     | Killed a catoblepas
  8578 | D:11     | 8578 ||| STAIRDANCE
  8585 | D:11     | 8585 ||| STAIRDANCE
  8587 | D:10     | 8587 ||| INVOKING Finesse.
  8604 | D:10     | Killed a boulder beetle
  8704 | D:11     | Found Bidapewk's Magic Scroll Emporium.
  8707 | D:11     | Noticed a cyan ugly thing
  8708 | D:11     | 8708 ||| INVOKING Heroism.
  8717 | D:11     | Killed a cyan ugly thing
  8729 | D:11     | 8729 ||| BUYING scroll of brand weapon (123 gold).
  8729 | D:11     | Bought a scroll of brand weapon for 123 gold pieces
  8729 | D:11     | 8729 ||| BUYING scroll of enchant armour (97 gold).
  8729 | D:11     | Bought a scroll of enchant armour for 97 gold pieces
  8729 | D:11     | 8729 ||| BUYING scroll of teleportation (39 gold).
  8729 | D:11     | Bought a scroll of teleportation for 39 gold pieces
  8729 | D:11     | 8729 ||| READING scroll of brand weapon.
  8729 | D:11     | 8729 ||| BRANDING +0 orcbow of draining.
  8730 | D:11     | 8730 ||| READING scroll of enchant armour.
  8730 | D:11     | 8730 ||| ENCHANTING +1 cloak.
  8799 | D:11     | Found a staircase to the Lair.
  8801 | D:11     | 8801 ||| RETREEEEATING.
  8804 | D:11     | 8804 ||| RETREEEEATING.
  8805 | D:11     | 8805 ||| READING scroll of enchant weapon.
  8805 | D:11     | 8805 ||| ENCHANTING +0 orcbow of flaming.
  8818 | D:11     | HP: 11/55 [troll (12)]
  8819 | D:11     | 8819 ||| READING scroll of teleportation.
  8820 | D:11     | 8820 ||| DRINKING 3 potions of heal wounds.
  8872 | D:11     | 8872 ||| READING scroll of enchant weapon.
  8872 | D:11     | 8872 ||| ENCHANTING +1 orcbow of flaming.
  8956 | D:11     | Found a runed translucent door.
  8956 | D:11     | Noticed Zouniz Rihu's ghost (novice DDFi)
  9209 | D:11     | Noticed a two-headed ogre
  9210 | D:11     | 9210 ||| INVOKING Finesse.
  9219 | D:11     | Killed a two-headed ogre
  9369 | D:11     | 9369 ||| READING scroll of enchant weapon.
  9369 | D:11     | 9369 ||| ENCHANTING +2 orcbow of flaming.
  9461 | D:11     | 9461 ||| PLANNING LAIR
  9461 | D:11     | 9461 ||| UPGRADING to +4 ring of protection.
  9462 | D:11     | 9462 ||| UPGRADING to ring of protection from cold.
  9464 | D:11     | 9464 ||| READING 2 scrolls of identify.
  9464 | D:11     | 9464 ||| IDENTIFYING scroll labelled HYNGY ANAU
  9465 | D:11     | 9465 ||| DROPPING scroll of fog.
  9544 | Lair:1   | Entered Level 1 of the Lair of Beasts
  9628 | Lair:1   | Reached skill level 14 in Ranged Weapons
  9634 | Lair:1   | Reached XP level 12. HP: 60/60 MP: 18/18
  9684 | Lair:1   | Reached ***** piety under Okawaru
  9759 | Lair:1   | Found a frozen archway.
  9872 | Lair:1   | 9872 ||| RETREEEEATING.
  9873 | Lair:1   | 9873 ||| RETREEEEATING.
  9874 | Lair:1   | 9874 ||| RETREEEEATING.
  9877 | Lair:1   | 9877 ||| RETREEEEATING.
  9878 | Lair:1   | 9878 ||| RETREEEEATING.
 10372 | Lair:1   | Received a gift from Okawaru
 10372 | Lair:1   | Noticed Amaemon
 10373 | Lair:1   | Reached skill level 6 in Fighting
 10390 | Lair:1   | Killed Amaemon
 10511 | Lair:1   | 10511 ||| READING 3 scrolls of identify.
 10511 | Lair:1   | 10511 ||| IDENTIFYING scroll labelled XETICI DOWO
 10512 | Lair:1   | 10512 ||| DROPPING scroll of vulnerability.
 10530 | Lair:2   | 10530 ||| RETREEEEATING.
 10531 | Lair:2   | 10531 ||| RETREEEEATING.
 10532 | Lair:2   | 10532 ||| RETREEEEATING.
 10533 | Lair:2   | 10533 ||| RETREEEEATING.
 10534 | Lair:2   | 10534 ||| RETREEEEATING.
 10535 | Lair:2   | 10535 ||| RETREEEEATING.
 10543 | Lair:2   | 10543 ||| RETREEEEATING.
 10544 | Lair:2   | 10544 ||| RETREEEEATING.
 10545 | Lair:2   | 10545 ||| RETREEEEATING.
 10547 | Lair:2   | 10547 ||| RETREEEEATING.
 10566 | Lair:2   | Reached skill level 9 in Invocations
 10614 | Lair:2   | Noticed a seven-headed hydra
 10615 | Lair:2   | 10615 ||| ZAPPING wand of quicksilver (1) at 3,7
                  | (seven-headed hydra; floor).
 10616 | Lair:2   | 10616 ||| INVOKING Finesse.
 10623 | Lair:2   | Killed a seven-headed hydra
 10729 | Lair:2   | 10729 ||| RETREEEEATING.
 10730 | Lair:2   | 10730 ||| RETREEEEATING.
 10731 | Lair:2   | 10731 ||| RETREEEEATING.
 10732 | Lair:2   | 10732 ||| RETREEEEATING.
 10734 | Lair:2   | 10734 ||| RETREEEEATING.
 10735 | Lair:2   | 10735 ||| RETREEEEATING.
 10737 | Lair:2   | 10737 ||| RETREEEEATING.
 10739 | Lair:2   | 10739 ||| RETREEEEATING.
 10741 | Lair:2   | 10741 ||| RETREEEEATING.
 10744 | Lair:2   | 10744 ||| RETREEEEATING.
 10857 | Lair:2   | 10857 ||| INVOKING Finesse.
 10866 | Lair:2   | Received a gift from Okawaru
 10986 | Lair:2   | 10986 ||| RETREEEEATING.
 11111 | Lair:2   | 11111 ||| RETREEEEATING.
 11118 | Lair:2   | 11118 ||| RETREEEEATING.
 11119 | Lair:2   | 11119 ||| RETREEEEATING.
 11120 | Lair:2   | 11120 ||| RETREEEEATING.
 11121 | Lair:2   | 11121 ||| RETREEEEATING.
 11122 | Lair:2   | 11122 ||| RETREEEEATING.
 11123 | Lair:2   | 11123 ||| RETREEEEATING.
 11124 | Lair:2   | 11124 ||| RETREEEEATING.
 11125 | Lair:2   | 11125 ||| RETREEEEATING.
 11126 | Lair:2   | 11126 ||| RETREEEEATING.
 11127 | Lair:2   | 11127 ||| RETREEEEATING.
 11129 | Lair:2   | 11129 ||| RETREEEEATING.
 11130 | Lair:2   | 11130 ||| RETREEEEATING.
 11131 | Lair:2   | 11131 ||| RETREEEEATING.
 11132 | Lair:2   | 11132 ||| RETREEEEATING.
 11133 | Lair:2   | 11133 ||| RETREEEEATING.
 11134 | Lair:2   | 11134 ||| RETREEEEATING.
 11135 | Lair:2   | 11135 ||| RETREEEEATING.
 11136 | Lair:2   | 11136 ||| RETREEEEATING.
 11137 | Lair:2   | Reached skill level 15 in Ranged Weapons
 11141 | Lair:2   | HP: 15/61 [dream sheep (3)]
 11142 | Lair:2   | 11142 ||| READING scroll of teleportation.
 11143 | Lair:2   | Slain by a dream sheep

Levels and vault maps discovered:
D:1:      heliophobic_arrival_battle_scene, layout_basic, serial_curves,
          eino_curves_02, eino_curves_03, eino_curves_03
D:2:      layout_basic
D:3:      layout_basic, gup_sewer_entry_pipe
D:4:      layout_basic, mainiacjoe_overflow_catwalk, ebering_ghost_sewer_f,
          dreamdust_mushroom_princess
D:5:      layout_rooms
D:6:      hellmonk_ruined_rings, layout_basic, serial_shops, shop
D:7:      layout_basic, minmay_temple_entry_hall, serial_shops, shop, shop,
          uniq_pikel
D:8:      cheibrodos_helix_gallery, layout_basic
D:9:      layout_long_grid, mainiacjoe_overflow_cross_hatched, st_stairs_1,
          hangedman_decor_clover_reticule
D:10:     layout_stronghold, nicolae_dithmenos_through_a_glass_darkly,
          hiddenorc1_lemuel, chequers_big_river, wad_rectangle_vault, uniq_sonja
D:11:     minmay_roctagon, layout_loops_ring, david_lair_shrubbed, serial_shops,
          shop, gammafunk_ghost_grave
Temple:   hellmonk_temple_of_storms
Lair:1:   layout_cave_pods, portal_ice_cave_entry_ice_simulacra, uniq_amaemon
Lair:2:   layout_regular_city, minmay_swamp_entry_worms, serial_bayou_shore_b,
          grunt_megastairs_3

Skill      XL: |  1  2  3  4  5  6  7  8  9 10 11 12 |
---------------+-------------------------------------+-----
Dodging        | 3 4 5 6 7 9 11 12 13 14 | 14.0
Ranged Weapons | 5 6 7 8 10 12 14 15 | 15.0
Fighting       | 2 3 4 5 6 |  6.0
Invocations    | 4 5 7 10 | 10.0
Armour         | 2 |  2.4
Stealth        | |  1.5

Action                     |  1- 3 |  4- 6 |  7- 9 | 10-12 || total
---------------------------+-------+-------+-------+-------++-------
   Fire: Shortbow          |    77 |   192 |   269 |   134 ||   672
         Orcbow            |       |       |       |   507 ||   507
 Invoke: Heroism           |       |       |     1 |     4 ||     5
         Finesse           |       |       |       |     9 ||     9
  Evoke: Wand              |       |       |       |    11 ||    11
    Use: Scroll            |     3 |    11 |     7 |    12 ||    33
         Potion            |     2 |     6 |     3 |     2 ||    13
 Armour: Robe              |     7 |    18 |    33 |     7 ||    65
         Troll leather arm |       |       |       |    66 ||    66
  Dodge: Dodged            |    30 |    56 |   100 |   226 ||   412
  Block: Other             |       |       |    10 |    50 ||    60
         Reflection        |       |       |       |     6 ||     6

Table legend:
 A = Non-vault XP
 B = Vault XP
 C = Vault XP percentage of total XP
 D = Non-vault monster count
 E = Vault monster count
 F = Vault count percentage of total count
                 A         B        C        D         E       F
            +---------+---------+-------+---------+---------+-------
      Total |   24650 |   11062 |  31.0 |     251 |     101 |  28.7
            +---------+---------+-------+---------+---------+-------
        D:1 |      29 |       0 |   0.0 |      16 |       0 |   0.0
        D:2 |     133 |       0 |   0.0 |      14 |       0 |   0.0
        D:3 |      34 |      14 |  29.2 |      12 |       7 |  36.8
        D:4 |     241 |       0 |   0.0 |      19 |       0 |   0.0
        D:5 |     824 |       0 |   0.0 |      29 |       0 |   0.0
        D:6 |    1019 |       0 |   0.0 |      22 |       0 |   0.0
        D:7 |     365 |     641 |  63.7 |      12 |       1 |   7.7
        D:8 |    1058 |     277 |  20.7 |      23 |       2 |   8.0
        D:9 |    3054 |    1016 |  25.0 |      24 |       3 |  11.1
       D:10 |    2669 |    5307 |  66.5 |      13 |      29 |  69.0
       D:11 |    2827 |    1000 |  26.1 |      17 |       3 |  15.0
     Lair:1 |    4032 |    1318 |  24.6 |      16 |       4 |  20.0
     Lair:2 |    8365 |    1184 |  12.4 |      34 |       6 |  15.0
      Sewer |       0 |     305 | 100.0 |       0 |      46 | 100.0
            +---------+---------+-------+---------+---------+-------
